Map: Year Zero LE

Players

Mamba

  • Race: Zerg Zerg
  • Spawn Location: 11:00

Lambo - Winner!

  • Race: Zerg Zerg
  • Spawn Location: 1:00

Event: IEM Season 13: Katowice (2019)

VOD

Have the link to the VOD?

Description

Time

  • Played on: Feb. 26, 2019, 10:32 a.m.
  • Length: 10:04

All games in this series

Show
View Real Time Build Order
Export as new Build Order

Mamba Zerg 

Build Orders: Hatch First, Roach Nydus 

Get SALT Encoding   

  12  0:01  Drone  
  13  0:13  Overlord  
  13  0:18  Drone  
  14  0:31  Drone x2  
  16  0:49  Hatchery  
  15  0:53  Drone  
  15  0:56  Drone  
  17  1:00  Drone  
  18  1:10  Extractor  
  17  1:15  Spawning Pool  
  17  1:18  Drone  
  17  1:22  Drone  
  18  1:29  Drone  
  19  1:39  Drone  
  20  1:50  Drone  
  21  2:02  Queen x2  
  21  2:03  Overlord, Drone  
  26  2:12  Drone x2  
  28  2:24  Drone x2  
  30  2:36  Drone x2  
  32  2:40  Queen, Lair  
  34  2:45  Roach Warren  
  34  2:48  Overlord  
  33  2:55  Extractor  
  33  2:56  Evolution Chamber, Drone  
  32  3:00  Drone  
  32  3:01  Drone  
  34  3:09  Drone x4  
  38  3:13  Drone  
  38  3:17  Drone x2  
  41  3:22  Overlord  
  41  3:35  Overlord  
  41  3:36  Overlord  
  41  3:39  Nydus Network  
  40  3:43  Roach  
  40  3:44  Roach  
  44  3:50  Roach x2  
  44  3:53  Roach  
  50  3:58  Roach x2  
  54  4:03  Overlord  
  54  4:04  Roach  
  56  4:13  Roach x3  
  56  4:16  Nydus Canal  
  62  4:23  Roach  
  62  4:24  Roach  
  66  4:29  Extractor  
  65  4:33  Roach x2  
  69  4:40  Drone x5  
  69  4:43  Drone  
  75  4:52  Zerg Missile Weapons Level 1  
  75  4:53  Drone  
  76  5:05  Nydus Canal  
  76  5:09  Glial Reconstitution  
  76  5:11  Overlord x2  
  76  5:33  Drone x3  
  81  5:36  Hatchery  
  81  5:38  Roach  
  81  5:39  Roach x4  
  88  5:55  Roach  
  88  5:56  Roach  
  92  5:57  Overlord x2  
  92  6:04  Nydus Canal  
  92  6:09  Overlord x2  
  92  6:18  Nydus Canal  
  92  6:19  Overlord  
  92  6:20  Drone x5  
  97  6:33  Roach x3, Nydus Canal  
  97  6:38  Overseer  
  103  6:42  Roach x3  
  103  6:43  Roach  
  111  6:51  Drone x5  
  116  7:00  Queen  
  118  7:05  Extractor  
  117  7:12  Drone x3  
  117  7:13  Drone x2  
  122  7:18  Roach x4  
  122  7:22  Overlord x3, Nydus Canal  
  130  7:23  Overlord  
  130  7:30  Overlord  
  130  7:31  Zerg Missile Weapons Level 2, Overlord x2  
  130  7:44  Roach  
  130  7:45  Roach x6  
  130  7:48  Roach x5  
  146  7:59  Roach x3  
  146  8:05  Roach  
  146  8:06  Roach x2  
  150  8:17  Roach x5  
  160  8:26  Overlord  
  160  8:30  Roach x8  
  160  8:31  Extractor  
  175  8:34  Nydus Canal  
  175  8:37  Ravager x2  
  175  8:38  Overseer  
  175  8:40  Overlord  
  177  8:46  Roach x3  
  183  8:54  Ravager  
  184  8:57  Overlord x3  
  184  9:07  Overlord  
  184  9:08  Overlord x2  
  184  9:11  Roach  
  186  9:18  Roach x7  
  186  9:21  Spore Crawler  
  186  9:22  Ravager  
  201  9:25  Hatchery  
  201  9:30  Roach  
  201  9:31  Roach  
  200  9:39  Roach x2  
  135  9:57  Ravager x2  
Show
View Real Time Build Order
Export as new Build Order

Lambo Zerg - Winner!

Build Orders: Hatch First 

Get SALT Encoding   

  12  0:00  Drone  
  13  0:13  Overlord  
  13  0:18  Drone  
  14  0:32  Drone x2  
  16  0:51  Hatchery  
  16  0:54  Drone  
  16  0:57  Drone  
  16  1:01  Drone  
  18  1:12  Extractor  
  18  1:16  Spawning Pool  
  16  1:19  Drone  
  16  1:23  Drone  
  18  1:30  Drone  
  19  1:41  Drone  
  20  1:51  Overlord  
  20  2:03  Zergling x4  
  20  2:07  Queen x2  
  26  2:14  Drone  
  27  2:16  Drone  
  29  2:22  Drone  
  29  2:25  Drone  
  30  2:34  Drone  
  31  2:38  Drone  
  32  2:44  Hatchery  
  32  2:46  Drone  
  32  2:51  Overlord  
  32  2:55  Drone  
  32  2:58  Drone  
  33  3:06  Drone  
  33  3:08  Evolution Chamber  
  33  3:09  Drone  
  34  3:14  Roach Warren  
  34  3:16  Drone x4  
  34  3:17  Drone  
  38  3:20  Drone  
  38  3:23  Overlord  
  38  3:26  Drone  
  40  3:29  Drone  
  41  3:34  Drone  
  41  3:37  Zerg Missile Weapons Level 1  
  42  3:44  Extractor  
  41  3:50  Extractor  
  41  3:53  Roach x6  
  52  3:57  Overlord  
  52  4:06  Overlord  
  52  4:09  Roach  
  53  4:21  Roach x2  
  57  4:26  Overlord  
  59  4:34  Drone  
  59  4:35  Drone x2  
  59  4:36  Roach x4  
  68  4:41  Drone x2  
  70  4:48  Lair  
  70  4:51  Roach  
  72  4:53  Overlord  
  72  4:57  Overlord  
  72  5:02  Overlord  
  72  5:11  Drone x3  
  75  5:16  Extractor, Drone x3  
  77  5:23  Roach  
  77  5:24  Roach x2  
  77  5:25  Drone  
  77  5:26  Drone  
  77  5:27  Evolution Chamber  
  88  5:28  Roach x2  
  88  5:34  Roach  
  91  5:35  Ravager  
  91  5:42  Overlord  
  91  5:45  Overlord  
  91  5:46  Overseer  
  91  5:48  Glial Reconstitution  
  91  5:50  Zerg Missile Weapons Level 2  
  91  5:57  Overlord  
  91  6:04  Roach  
  91  6:05  Roach x3  
  91  6:07  Drone x2  
  91  6:08  Drone  
  102  6:24  Roach x4  
  102  6:25  Hatchery  
  109  6:37  Zerg Ground Armor Level 1  
  109  6:38  Overlord  
  109  6:39  Roach x3  
  115  6:41  Overlord  
  115  6:44  Overlord  
  115  6:45  Overlord  
  115  6:51  Overlord  
  115  6:53  Overlord  
  115  6:54  Overlord  
  119  7:02  Roach  
  121  7:08  Hatchery  
  121  7:13  Roach x2  
  121  7:14  Ravager  
  125  7:19  Roach x2  
  125  7:20  Ravager x2  
  125  7:22  Overseer  
  131  7:27  Roach x4  
  131  7:28  Overlord  
  135  7:38  Overlord  
  135  7:39  Roach  
  135  7:42  Overlord  
  137  7:45  Overlord  
  137  7:48  Overlord  
  137  7:49  Overlord  
  137  7:50  Roach  
  139  7:58  Roach x3  
  146  8:01  Roach  
  146  8:03  Hatchery  
  147  8:07  Roach  
  147  8:10  Roach  
  151  8:17  Overlord  
  151  8:19  Ravager x3  
  154  8:21  Roach  
  156  8:28  Overseer, Nydus Network  
  156  8:30  Roach  
  156  8:31  Roach  
  159  8:39  Roach  
  161  8:43  Roach  
  161  8:46  Roach x5  
  173  8:51  Roach  
  175  8:59  Overseer  
  175  9:00  Roach  
  177  9:08  Roach  
  177  9:09  Roach  
  181  9:12  Roach  
  181  9:16  Roach x4  
  191  9:18  Roach  
  191  9:21  Roach  
  191  9:24  Nydus Canal  
  195  9:25  Ravager  
  195  9:26  Ravager  
  195  9:28  Roach  
  199  9:38  Nydus Canal  
  199  9:42  Roach  
  199  9:44  Roach x3  

Tags
 
Add a new tag
Caveats
  • Supply blocks, unpowered buildings, or Contaminate may cause inaccurate times.
  • Supply counts are checked every 10 seconds.